 Dungeon Crawl Stone Soup version 0.28.0-1-gb440e238dd (webtiles) character file.

Game seed: 558245397991800869

2254 Crownlay the Frost Mage (level 9, 0/65 HPs)
             Began as a Gnoll Ice Elementalist on Feb 19, 2022.
             Slain by an ice beast (13 damage)
             ... on level 6 of the Dungeon.
             The game lasted 00:10:53 (8391 turns).

Crownlay the Frost Mage (Gnoll Ice Elementalist)    Turns: 8391, Time: 00:10:54

Health: 0/65       AC:  5    Str:  9    XL:     9   Next: 37%
Magic:  17/18      EV: 14    Int: 18    God:
Gold:   291        SH:  0    Dex: 12    Spells: 10/21 levels left

rFire   . . .      SeeInvis +   D - +5 short sword (freeze)
rCold   . . .      Faith    .   (no shield)
rNeg    . . .      Spirit   .   w - +0 robe {Will+}
rPois   .          Reflect  .   g - +2 helmet
rElec   .          Harm     .   (no cloak)
rCorr   .          Rampage  .   (no gloves)
Will    ++...                   (no boots)
Stlth   +++.......              z - amulet of the acrobat
HPRegen 0.20/turn               B - ring of see invisible
MPRegen 0.16/turn               y - ring of willpower

@: about to teleport
A: fangs 1, strong nose, distributed training
a: no special abilities


You were on level 6 of the Dungeon.
You visited 1 branch of the dungeon, and saw 6 of its levels.
You also visited: Sewer.

You collected 291 gold pieces.

Inventory:

Hand Weapons
 D - a +5 short sword of freezing (weapon)
Missiles
 j - 2 javelins
Armour
 g - a +2 helmet (worn)
 s - the +2 robe of the Stag {rF- rCorr Int+2}
   (You found it on level 5 of the Dungeon)

   Int:       It affects your intelligence (+2).
   rF:        It makes you vulnerable to fire.
   rCorr:     It protects you from acid and corrosion.
 w - a +0 robe of willpower (worn)
Jewellery
 d - a ring of fire
 y - a ring of willpower (right hand)
 z - an amulet of the acrobat (around neck)
 B - a ring of see invisible (left hand)
Wands
 u - a wand of digging (5)
Scrolls
 b - a scroll of blinking {unknown}
 c - 2 scrolls of immolation
 e - a scroll of fog {unknown}
 h - 2 scrolls of amnesia
 m - a scroll of brand weapon {unknown}
 n - 2 scrolls of identify {unknown}
 o - a scroll of noise {unknown}
 q - 2 scrolls of teleportation
 r - a scroll of enchant armour
Potions
 a - a potion of magic {unknown}
 f - 2 potions of might {unknown}
 i - a potion of lignification {unknown}
 k - a potion of haste {unknown}
 l - a potion of invisibility {unknown}
 p - a potion of cancellation {unknown}
 t - 2 potions of mutation {unknown}
 x - 2 potions of heal wounds {unknown}
 A - a potion of brilliance {unknown}
 C - a potion of attraction {unknown}


   Skills:
 + Level 4.2 Fighting
 + Level 4.2 Short Blades
 + Level 4.2 Long Blades
 + Level 4.2 Axes
 + Level 4.2 Maces & Flails
 + Level 4.2 Polearms
 + Level 4.2 Staves
 + Level 4.2 Slings
 + Level 4.2 Bows
 + Level 4.2 Crossbows
 + Level 4.2 Throwing
 + Level 4.2 Armour
 + Level 6.3 Dodging
 + Level 6.0 Stealth
 + Level 4.2 Shields
 + Level 4.2 Unarmed Combat
 + Level 6.6 Spellcasting
 + Level 3.4 Conjurations
 + Level 3.4 Hexes
 + Level 3.4 Summonings
 + Level 3.4 Necromancy
 + Level 3.4 Translocations
 + Level 3.4 Transmutations
 + Level 3.4 Fire Magic
 + Level 8.0 Ice Magic
 + Level 3.4 Air Magic
 + Level 3.4 Earth Magic
 + Level 3.4 Poison Magic
 + Level 4.6 Invocations
 + Level 4.2 Evocations


You had 10 spell levels left.
You knew the following spells:

 Your Spells              Type           Power      Damage    Failure   Level
a - Freeze                Ice            100%       1d11      1%          1
b - Frozen Ramparts       Ice            68%        1d8       1%          3
c - Ozocubu's Armour      Ice            34%        N/A       1%          3
d - Hailstorm             Conj/Ice       26%        3d7       11%         4

Your spell library contained the following spells:

 Spells                   Type           Power      Damage    Failure   Level
 Sublimation of Blood     Necr           18%        N/A       4%          2
 Wereblood                Tmut           18%        N/A       4%          2
 Airstrike                Air            9%         N/A       26%         4
 Summon Lightning Spire   Summ/Air       18%        N/A       26%         4
 Lightning Bolt           Conj/Air       9%         1d21      58%         5
 Summon Hydra             Summ           9%         N/A       100%        7


Dungeon Overview and Level Annotations

Branches:
Dungeon (6/15)              Sewer (visited)
 Temple: D:4-7

Altars:

Annotations:
D:3 3 runed translucent doors, Lizzurd's ghost, amateur NaWr; altcumming's ghost, amateur MiFi
D:6 exclusion: ice beast


Innate Abilities, Weirdness & Mutations

You have very sharp teeth.
Your uncanny sense of smell can sniff out nearby items.
Your experience applies equally to all skills.


Message History

The ice beast hits you but does no damage.
You barely miss the ice beast. Your punch misses the ice beast.
The ice beast is heavily wounded.
The ice beast completely resists.
The wall freezes the ice beast but does no damage.
The ice beast hits you but does no damage.
You closely miss the ice beast.
The ice beast is heavily wounded.
The ice beast completely resists.
The wall freezes the ice beast but does no damage.
The ice beast closely misses you.
You completely miss the ice beast.
The ice beast is heavily wounded.
The ice beast completely resists.
The wall freezes the ice beast but does no damage.
The ice beast barely misses you.
You hit the ice beast.
The ice beast is heavily wounded.
You hit the ice beast but do no damage.
The ice beast is heavily wounded.
The frozen ramparts melt away.
The ice beast hits you. The ice beast freezes you!
You barely miss the ice beast.
The ice beast is heavily wounded.
The ice beast hits you. The ice beast freezes you.
You are too injured to fight recklessly!
You puncture the ice beast!
The ice beast is severely wounded.
The ice beast hits you. The ice beast freezes you!
* * * LOW HITPOINT WARNING * * *
Okay, then.
Okay, then.
As you read the scroll of teleportation, it crumbles to dust.
You feel strangely unstable. The ice beast barely misses you.
You hit the ice beast but do no damage.
The ice beast is severely wounded.
The ice beast hits you.
* * * LOW HITPOINT WARNING * * *
The ice beast freezes you!
You die...

#........ #.#..#...
###.#..<...
#.........
###########.......##
#.....<..##..........
#......(@##.....#...#
#........Y........#
######.###≈###..#...#
...#.#≈#h ....# #
#..###.#≈#.###..# #..
...#≈#... .## #.
###.#≈#.### . ..
#.#≈#.# # ###≈### ∆


You could see an ice beast and a howler monkey.

Vanquished Creatures
  A centaur zombie (D:5)
  A necrophage (D:4)
  3 ogres
  2 centaurs (D:5)
  Blork the orc (D:5)
  A scorpion (D:4)
  A water moccasin zombie (D:5)
  A killer bee (D:5)
  4 wights (D:5)
  A howler monkey (D:4)
  A bullfrog zombie (D:5)
  3 hounds
  7 jellies
  A centaur skeleton (D:5)
  4 orc priests
  3 bullfrog skeletons (D:5)
  3 iguanas
  Terence (D:2)
  An orc wizard (D:5)
  2 hound skeletons (D:5)
  2 howler monkey zombies
  Robin (D:2)
  7 adders
  A gnoll (D:5)
  A river rat (Sewer)
  2 adder skeletons (D:4)
  3 worms
  3 dart slugs
  15 orcs
  12 ball pythons
  6 bats
  22 endoplasms
  4 giant cockroaches
  16 goblins
  8 hobgoblins
  3 jackals (D:2)
  10 kobolds
  3 quokkas
  6 frilled lizards
  8 rats
175 creatures vanquished.

Vanquished Creatures (others)
  A fungus (D:1)
  A plant (D:1)
  6 withered plants (D:3)
8 creatures vanquished.

Grand Total: 183 creatures vanquished

Notes
Turn   | Place    | Note
-------+----------+-------------------------------------------
     0 | D:1      | Crownlay the Gnoll Ice Elementalist began the quest for the
                  | Orb.
     0 | D:1      | Reached XP level 1. HP: 13/13 MP: 6/6
   336 | D:1      | Reached XP level 2. HP: 19/19 MP: 2/7
  1010 | D:1      | Found a faded altar of an unknown god.
  1207 | D:1      | Reached XP level 3. HP: 13/25 MP: 9/9
  1211 | D:1      | Learned a level 3 spell: Frozen Ramparts
  1215 | D:1      | Learned a level 3 spell: Ozocubu's Armour
  1390 | D:2      | Reached skill level 5 in Spellcasting
  1731 | D:2      | Noticed Robin
  1739 | D:2      | Reached skill level 1 in Invocations
  1748 | D:2      | Killed Robin
  1749 | D:2      | Reached skill level 1 in Fighting
  1749 | D:2      | Reached skill level 1 in Short Blades
  1749 | D:2      | Reached skill level 1 in Long Blades
  1749 | D:2      | Reached skill level 1 in Axes
  1749 | D:2      | Reached skill level 1 in Maces & Flails
  1749 | D:2      | Reached skill level 1 in Polearms
  1749 | D:2      | Reached skill level 1 in Staves
  1749 | D:2      | Reached skill level 1 in Slings
  1749 | D:2      | Reached skill level 1 in Bows
  1749 | D:2      | Reached skill level 1 in Crossbows
  1749 | D:2      | Reached skill level 1 in Throwing
  1749 | D:2      | Reached skill level 1 in Armour
  1749 | D:2      | Reached skill level 1 in Shields
  1749 | D:2      | Reached skill level 1 in Unarmed Combat
  1749 | D:2      | Reached skill level 1 in Evocations
  1849 | D:2      | Reached XP level 4. HP: 32/32 MP: 11/11
  2138 | D:2      | Noticed Terence
  2142 | D:2      | Killed Terence
  2143 | D:2      | Reached skill level 1 in Conjurations
  2143 | D:2      | Reached skill level 1 in Hexes
  2143 | D:2      | Reached skill level 1 in Summonings
  2143 | D:2      | Reached skill level 1 in Necromancy
  2143 | D:2      | Reached skill level 1 in Translocations
  2143 | D:2      | Reached skill level 1 in Transmutations
  2143 | D:2      | Reached skill level 1 in Fire Magic
  2143 | D:2      | Reached skill level 1 in Air Magic
  2143 | D:2      | Reached skill level 1 in Earth Magic
  2143 | D:2      | Reached skill level 1 in Poison Magic
  2716 | D:2      | Reached XP level 5. HP: 37/37 MP: 12/12
  3017 | D:3      | Found a glowing drain.
  3026 | Sewer    | Entered a sewer
  3259 | Sewer    | Reached XP level 6. HP: 30/44 MP: 3/13
  3551 | Sewer    | Found a viscous altar of Jiyva.
  3558 | Sewer    | Reached skill level 5 in Dodging
  4065 | D:3      | You fall into a shaft and drop 3 floors!
  4071 | D:6      | Learned a level 4 spell: Hailstorm
  4177 | D:6      | Noticed an ice beast
  4324 | D:5      | Entered Level 5 of the Dungeon
  4402 | D:5      | Identified the +2 robe of the Stag {rF- rCorr Int+2}
  4425 | D:5      | Noticed Blork the orc
  4439 | D:5      | Killed Blork the orc
  4440 | D:5      | Reached XP level 7. HP: 47/50 MP: 8/15
  4693 | D:5      | Reached skill level 5 in Stealth
  4694 | D:5      | Reached XP level 8. HP: 32/57 MP: 7/16
  5519 | D:3      | Found a runed translucent gate.
  5525 | D:3      | Found a runed translucent gate.
  5526 | D:3      | Found a runed translucent gate.
  5527 | D:3      | Noticed Lizzurd's ghost (amateur NaWr)
  5528 | D:3      | Noticed altcumming's ghost (amateur MiFi)
  7288 | D:5      | Reached XP level 9. HP: 8/65 MP: 11/18
  8052 | D:5      | Reached skill level 8 in Ice Magic
  8391 | D:6      | Slain by an ice beast

Illustrated notes

Levels and vault maps discovered:
D:1:      dpeg_arrival_rhombi, layout_loops_corners,
          shapermc_ecumenical_altar_petra, st_stairs_12, hangedman_decor_push
D:2:      layout_loops_ring, grunt_decor_mini_mirrors, st_stairs_6, uniq_robin,
          uniq_terence
D:3:      layout_loops_corners, gammafunk_ghost_cemetery, portal_sewer_entry_d
D:4:      layout_layer_cave, minmay_increasing_density
D:5:      cheibrodos_fzero, layout_loops_corners, sigmund_army,
          uniq_blork_the_orc
D:6:      layout_basic, chequers_serial_rivers_marsh, grunt_decor_cap

Skill      XL: |  1  2  3  4  5  6  7  8  9 |
---------------+----------------------------+-----
Spellcasting   | 5 6 |  6.6
Invocations    | 1 2 3 4 |  4.6
Fighting       | 1 2 4 |  4.2
Short Blades   | 1 2 4 |  4.2
Long Blades    | 1 2 4 |  4.2
Axes           | 1 2 4 |  4.2
Maces & Flails | 1 2 4 |  4.2
Polearms       | 1 2 4 |  4.2
Staves         | 1 2 4 |  4.2
Slings         | 1 2 4 |  4.2
Bows           | 1 2 4 |  4.2
Crossbows      | 1 2 4 |  4.2
Throwing       | 1 2 4 |  4.2
Armour         | 1 2 4 |  4.2
Shields        | 1 2 4 |  4.2
Unarmed Combat | 1 2 4 |  4.2
Evocations     | 1 2 4 |  4.2
Conjurations   | 1 2 3 |  3.4
Hexes          | 1 2 3 |  3.4
Summonings     | 1 2 3 |  3.4
Necromancy     | 1 2 3 |  3.4
Translocations | 1 2 3 |  3.4
Transmutations | 1 2 3 |  3.4
Fire Magic     | 1 2 3 |  3.4
Air Magic      | 1 2 3 |  3.4
Earth Magic    | 1 2 3 |  3.4
Poison Magic   | 1 2 3 |  3.4
Dodging        | 5 6 |  6.3
Stealth        | 5 6 |  6.0
Ice Magic      | 8 |  8.0

Action                   |  1- 3 |  4- 6 |  7- 9 || total
-------------------------+-------+-------+-------++-------
Melee: Unarmed           |     1 |       |       ||     1
       Rapier            |    30 |   105 |       ||   135
       Bite              |     2 |    10 |    20 ||    32
       Punch             |       |     4 |     5 ||     9
       Scimitar          |       |       |   179 ||   179
       Short sword       |       |       |    24 ||    24
 Cast: Freeze            |    24 |     2 |       ||    26
       Frozen Ramparts   |     5 |    24 |    20 ||    49
       Ozocubu's Armour  |     1 |     9 |    15 ||    25
  Use: Scroll            |       |     4 |     3 ||     7
 Stab: Sleeping          |       |     5 |     8 ||    13
       Distracted        |       |     1 |     1 ||     2
Armor: Robe              |    10 |    37 |    96 ||   143
Dodge: Dodged            |    30 |    70 |   182 ||   282
